 Dungeon Crawl Stone Soup version 0.24-a0-183-g8902462 (webtiles) character file.

Game seed: 5351905672686749882

84 Ijustatesigmund the Skirmisher (level 4, 0/36 HPs)
             Began as an Octopode Wizard on Mar 15, 2019.
             Killed from afar by a white imp (10 damage)
             ... with a puff of frost
             ... summoned by Natasha
             ... on level 2 of the Dungeon.
             The game lasted 00:04:16 (1864 turns).

Ijustatesigmund the Skirmisher (Octopode Wizard)    Turns: 1864, Time: 00:04:16

Health: 0/36       AC:  1    Str:  7    XL:     4   Next: 45%
Magic:  0/8        EV: 15    Int: 20    God:
Gold:   135        SH:  0    Dex: 10    Spells: 6/9 levels left

rFire    . . .     SeeInvis .   b - +0 whip
rCold    . . .     Gourm    .   (no shield)
rNeg     . . .     Faith    .   a - +0 hat
rPois    .         Spirit   .   (no amulet)
rElec    .         Reflect  .   (no ring)
rCorr    .         Harm     .   (no ring)
MR       .....                  (no ring)
Stlth    +++.......             (no ring)
HPRegen  0.12/turn              (no ring)
MPRegen  0.11/turn              (no ring)
                                (no ring)
                                (no ring)

@: very slightly contaminated
A: almost no armour, stealthy swim, amphibious, 8 rings, constrict 8, camouflage
1, gelatinous body 1
a: no special abilities


You were on level 2 of the Dungeon.
You were hungry.

You visited 1 branch of the dungeon, and saw 2 of its levels.

You collected 135 gold pieces.

Inventory:

Hand Weapons
 b - a +0 whip (weapon)
Armour
 a - a +0 hat (worn)
Scrolls
 d - a scroll of identify
 f - a scroll of remove curse {unknown}
Potions
 e - a potion of experience
 h - a potion of brilliance
Comestibles
 c - a ration


   Skills:
 * Level 6.8 Fighting
 + Level 5.2 Dodging
 - Level 2.6 Stealth
 - Level 3.0 Spellcasting
 + Level 4.9 Conjurations
   Level 1.0 Summonings
 + Level 4.8 Translocations


You had 6 spell levels left.
You knew the following spells:

 Your Spells              Type           Power        Failure   Level  Hunger
a - Magic Dart            Conj           ###.         1%          1    None
b - Blink                 Tloc           N/A          3%          2    ##.....

Your spell library contained the following spells:

 Spells                   Type           Power        Failure   Level  Hunger
 Call Imp                 Summ           #.......     14%         2    ##.....
 Conjure Flame            Conj/Fire      ##......     16%         3    ###....
 Slow                     Hex            #.......     22%         2    ##.....
 Mephitic Cloud           Conj/Pois/Air  #.......     22%         3    ###....


Dungeon Overview and Level Annotations

Branches:
Dungeon (2/15)

Altars:

Annotations:
D:2 Natasha


Innate Abilities, Weirdness & Mutations

You cannot wear most types of armour.
You are very stealthy in the water. (Stealth+)
You are amphibious.
You can wear up to eight rings at the same time.
You can use your tentacles to constrict eight enemies at once.
Your skin changes colour to match your surroundings (Stealth+).
Your rubbery body absorbs attacks. (AC +1, EV +1)


Message History

Confirm with . or Enter, or press ? or * to list all spells.
You don't have enough magic to cast that spell.
Casting: Magic Dart (safe; 7% risk of failure)
Confirm with . or Enter, or press ? or * to list all spells.
You don't have enough magic to cast that spell.
Casting: Magic Dart (safe; 7% risk of failure)
Confirm with . or Enter, or press ? or * to list all spells.
You don't have enough magic to cast that spell.
It was a potion of experience.
You feel more experienced!
Your Fighting skill gained 5 levels and is now at level 6!
Your Dodging skill gained 3 levels and is now at level 5!
Your Conjurations skill gained 3 levels and is now at level 4!
Your Translocations skill gained 3 levels and is now at level 4!
You have reached level 4!
Natasha claws you.
* * * LOW HITPOINT WARNING * * *
The white imp gestures at you. The puff of frost hits you!
You die...

# #.....# # #.....######
# #......).).#
#######......##.##
...<..'......#...# #
#######.....####.#.#
################.#.#####
...... ....)..........
##### #######@#.#..##
..# #...h5....... #.#
#.........### #(#
#.......#.... #.#
#.......#.### #)#
#.......# #
..####.#####.......#
..........b....#+#.#
(.####.#######'#.#


You could see Natasha and a white imp.

Vanquished Creatures
  An adder (D:2)
  A worm (D:2)
  2 dart slugs
  2 bats
  4 goblins
  3 hobgoblins
  3 kobolds
  A ball python (D:2)
  3 frilled lizards
  5 rats
25 creatures vanquished.

Notes
Turn   | Place    | Note
-------+----------+-------------------------------------------
     0 | D:1      | Ijustatesigmund the Octopode Wizard began the quest for the
                  | Orb.
     0 | D:1      | Reached XP level 1. HP: 11/11 MP: 4/4
   370 | D:1      | Reached skill level 1 in Fighting
   370 | D:1      | Reached XP level 2. HP: 18/18 MP: 3/6
   375 | D:1      | Learned a level 2 spell: Blink
  1258 | D:2      | Reached XP level 3. HP: 16/24 MP: 0/7
  1506 | D:2      | Noticed Natasha
  1864 | D:2      | Reached skill level 6 in Fighting
  1864 | D:2      | Reached skill level 5 in Dodging
  1864 | D:2      | Reached XP level 4. HP: 13/36 MP: 0/8
  1864 | D:2      | Killed from afar by a white imp

Levels and vault maps discovered:
D:1:      dpeg_arrival_tiny_a, layout_loops_ring, chequers_serial_rivers_room_a
D:2:      layout_basic, yredelemnul_forgotten_temple_becter, uniq_terence,
          uniq_natasha

Skill      XL: |  1  2  3 |
---------------+----------+-----
Fighting       | 1 6 |  6.8
Dodging        | 5 |  5.2
Conjurations   | 4 |  4.9
Translocations | 4 |  4.8
Stealth        | |  2.6
Spellcasting   | |  3.0
Summonings     | |  1.0

Action                   |  1- 3 |  4- 6 || total
-------------------------+-------+-------++-------
Melee: Unarmed           |     1 |       ||     1
       Whip              |     8 |       ||     8
       Tentacles         |     1 |       ||     1
       Constrict         |     1 |       ||     1
 Cast: Magic Dart        |    73 |       ||    73
  Use: Scroll            |     4 |       ||     4
       Potion            |     2 |       ||     2
 Stab: Sleeping          |     1 |       ||     1
  Eat: Chunk             |     2 |       ||     2
Dodge: Dodged            |    18 |       ||    18

Table legend:
 A = Non-vault XP
 B = Vault XP
 C = Vault XP percentage of total XP
 D = Non-vault monster count
 E = Vault monster count
 F = Vault count percentage of total count
                 A         B        C        D         E       F
            +---------+---------+-------+---------+---------+-------
      Total |      56 |       0 |   0.0 |      25 |       0 |   0.0
            +---------+---------+-------+---------+---------+-------
        D:1 |      22 |       0 |   0.0 |      13 |       0 |   0.0
        D:2 |      34 |       0 |   0.0 |      12 |       0 |   0.0
            +---------+---------+-------+---------+---------+-------
